 Dungeon Crawl Stone Soup version 0.27.0-1-g7a089689b8 (webtiles) character file.

Game seed: 7186591647461955989

225258 HungrySpirit the Impaler (level 20, -12/163 HPs)
             Began as a Human Arcane Marksman on July 31, 2021.
             Was the Champion of Okawaru.
             Mangled by a purple very ugly thing (19 damage)
             ... on level 14 of the Dungeon.
             The game lasted 01:25:49 (47736 turns).

HungrySpirit the Impaler (Human Arcane Marksman)   Turns: 47736, Time: 01:25:49

Health: -12/163    AC: 16    Str: 19    XL:     20   Next: 9%
Magic:  21/21      EV: 21    Int: 14    God:    Okawaru [******]
Gold:   1007       SH: 13    Dex: 22    Spells: 20/21 levels left

rFire    + . .     SeeInvis +   A - +6 trident of Ylueclur {freeze, rC+ Will+++ Str+2 Stlth-}
rCold    + . .     Faith    .   a - +0 kite shield {reflect}
rNeg     . . .     Spirit   .   F - +0 swamp dragon scales
rPois    +         Reflect  +   l - +2 helmet {SInv}
rElec    .         Harm     .   m - scarf {repulsion}
rCorr    .         Rampage  .   e - +0 pair of gloves of the Slorg {Str+2 Dex+4}
Will     ++++.                  g - +0 pair of boots
Stlth    ..........             Z - amulet of regeneration
HPRegen  1.37/turn              X - ring of protection from cold
MPRegen  0.17/turn              b - ring of fire

@: about to teleport, repel missiles
A: no striking features
}: 1/15 runes: decaying
a: Renounce Religion, Heroism, Finesse


You were on level 14 of the Dungeon.
You worshipped Okawaru.
Okawaru was exalted by your worship.
You visited 8 branches of the dungeon, and saw 32 of its levels.
You also visited: Bailey and Volcano.

You collected 3839 gold pieces.
You spent 2832 gold pieces at shops.

Inventory:

Hand Weapons
 A - the +6 trident of Ylueclur (weapon) {freeze, rC+ Will+++ Str+2 Stlth-}
   (You found it on level 5 of the Dungeon)

   It freezes those it strikes, dealing additional cold damage.
   It can also slow down cold-blooded creatures.
   Str:       It affects your strength (+2).
   rC:        It protects you from cold.
   Will:      It greatly increases your willpower.
   Stlth:     It makes you less stealthy.
 R - a +4 demon trident of venom
Missiles
 i - 4 throwing nets
 t - 112 poisoned darts (quivered)
 K - 8 curare-tipped darts
Armour
 a - a +0 kite shield of reflection (worn)
 e - the +0 pair of gloves of the Slorg (worn) {Str+2 Dex+4}
   (Okawaru gifted it to you on level 2 of the Swamp)

   Str:       It affects your strength (+2).
   Dex:       It affects your dexterity (+4).
 g - a +0 pair of boots (worn)
 l - a +2 helmet of see invisible (worn)
 m - a scarf of repulsion (worn)
 E - a +1 cloak of willpower
 F - +0 swamp dragon scales (worn)
 S - the +0 chain mail of the Game of Kings {rPois Regen+ Str+3 Int-2}
   (You bought it in a shop on level 13 of the Dungeon)

   Str:       It affects your strength (+3).
   Int:       It affects your intelligence (-2).
   rPois:     It protects you from poison.
   Regen:     It increases your rate of health regeneration.
Jewellery
 b - a ring of fire (right hand)
 c - the ring of Ceahuir {rElec rN++ rCorr MP+9 Dex-2}
   (You found it on level 4 of the Swamp)

   [ring of magical power]

   Dex:       It affects your dexterity (-2).
   rElec:     It insulates you from electricity.
   rN:        It greatly protects you from negative energy.
   MP:        It affects your magic capacity (+9).
   rCorr:     It protects you from acid and corrosion.
 M - a +4 ring of evasion
 X - a ring of protection from cold (left hand)
 Y - a ring of willpower
 Z - an amulet of regeneration (around neck)
Wands
 j - a wand of charming (13)
 D - a wand of iceblast (34)
 I - a wand of digging (19)
 P - a wand of flame (17)
Scrolls
 k - 2 scrolls of summoning
 s - 2 scrolls of magic mapping
 u - 4 scrolls of amnesia
 x - 5 scrolls of enchant armour
 y - 4 scrolls of noise
 B - 3 scrolls of holy word
 C - 5 scrolls of teleportation
 G - a scroll of identify
 H - 2 scrolls of fog
 L - 2 scrolls of immolation
 N - a scroll of torment
 O - 6 scrolls of enchant weapon
 Q - a scroll of fear
 W - 3 scrolls of vulnerability
Potions
 d - 3 potions of brilliance
 f - 2 potions of heal wounds
 h - 12 potions of flight
 n - 4 potions of might
 o - 4 potions of magic
 p - 4 potions of lignification
 q - 5 potions of haste
 r - 2 potions of mutation
 v - 4 potions of attraction
 z - 6 potions of curing
 T - a potion of invisibility
 U - 3 potions of cancellation
 V - a potion of resistance
Miscellaneous
 w - a condenser vane


   Skills:
 + Level 15.5 Fighting
 - Level 5.4 Short Blades
 * Level 20.2 Polearms
 - Level 2.0 Crossbows
 * Level 9.3 Armour
 - Level 15.0 Dodging
 + Level 10.2 Shields
 - Level 1.0 Spellcasting
 - Level 3.0 Hexes
 - Level 6.0 Evocations


You had 20 spell levels left.
You knew the following spells:

 Your Spells              Type           Power      Damage    Failure   Level
a - Corona                Hex            10%        N/A       22%         1

Your spell library contained the following spells:

 Spells                   Type           Power      Damage    Failure   Level
 Slow                     Hex            9%         N/A       32%         2
 Animate Skeleton         Necr           0%         N/A       58%         1
 Foxfire                  Conj/Fire      4%         2x1d4     58%         1
 Magic Dart               Conj           0%         1d3       58%         1
 Pain                     Necr           0%         1d4       58%         1
 Sting                    Tmut/Pois      0%         1d3       58%         1
 Blink                    Tloc           N/A        N/A       75%         2
 Poisonous Vapours        Pois/Air       0%         N/A       75%         2
 Searing Ray              Conj           0%         3d3       75%         2
 Static Discharge         Conj/Air       0%         N/A       75%         2
 Dazzling Flash           Conj/Hex       8%         N/A       77%         3
 Inner Flame              Hex/Fire       7%         N/A       77%         3
 Portal Projectile        Hex/Tloc       8%         N/A       77%         3
 Cause Fear               Hex            4%         N/A       91%         4
 Conjure Flame            Conj/Fire      1%         6-21      92%         3
 Frozen Ramparts          Ice            0%         1d2       92%         3
 Gell's Gravitas          Tloc           0%         N/A       92%         3
 Lesser Beckoning         Tloc           0%         N/A       92%         3
 Teleport Other           Tloc           0%         N/A       92%         3
 Vampiric Draining        Necr           0%         2d6       92%         3
 Fulminant Prism          Conj/Hex       2%         3d6       99%         4
 Ice Form                 Ice/Tmut       0%         N/A       100%        4
 Olgreb's Toxic Radiance  Pois           0%         N/A       100%        4
 Petrify                  Tmut/Erth      0%         N/A       100%        4
 Summon Ice Beast         Ice/Summ       0%         N/A       100%        4
 Agony                    Necr           0%         N/A       100%        5
 Alistair's Intoxication  Tmut/Pois      0%         N/A       100%        5
 Borgnjor's Vile Clutch   Necr/Erth      0%         N/A       100%        5
 Fireball                 Conj/Fire      0%         3d3       100%        5
 Iskenderun's Battlesphe  Conj           0%         2d6       100%        5
 Lightning Bolt           Conj/Air       0%         1d11      100%        5
 Manifold Assault         Tloc           0%         N/A       100%        5
 Metabolic Englaciation   Hex/Ice        2%         N/A       100%        5
 Silence                  Hex/Air        2%         N/A       100%        5
 Conjure Ball Lightning   Conj/Air       0%         3x3d6     100%        6
 Eringya's Noxious Bog    Tmut/Pois      0%         N/A       100%        6
 Statue Form              Tmut/Erth      0%         N/A       100%        6
 Orb of Destruction       Conj           0%         N/A       100%        7
 Discord                  Hex            4%         N/A       100%        8
 Maxwell's Capacitive Co  Air            0%         ∞         100%        8


Dungeon Overview and Level Annotations

Branches:
Dungeon (15/15)            Temple (1/1) D:6            Lair (6/6) D:10
  Swamp (4/4) Lair:2        Snake (2/4) Lair:3        Slime (0/5) Lair:5
    Orc (2/2) D:10            Elf (0/3) Orc:2        Vaults (1/5) D:14
 Depths (1/5) D:15         Bailey (visited)         Volcano (visited)

Altars:
Ashenzari
Cheibriados
Dithmenos
Elyvilon
Fedhas
Gozag
Hepliaklqana
Kikubaaqudgha
Makhleb
Nemelex Xobeh
Okawaru
Qazlal
Ru
Sif Muna
Trog
Uskayaw
Vehumet
Wu Jian
Xom
Yredelemnul
Zin
The Shining One

Shops:
D:1 ([   D:7 [   D:12 (   D:13 ([   Orc:1 (   Orc:2 ?=!=   Depths:1 [*[

Portals:
Hell: Depths:1
Abyss: Orc:1

Annotations:
D:5 3 runed translucent doors, Crazy Yiuf; Tungsten's ghost, novice MiBe
D:8 Prince Ribbit
D:9 2 transporters, icg837's ghost, novice MiBe
Lair:3 3 runed translucent doors, Yjeari's ghost, journeyman GrMo
Lair:5 exclusion: oklob plant
Swamp:1 Roxanne
Orc:1 2 transporters, Rygut's ghost, journeyman DrFi


Message History

Unknown command.
You hit the vault guard. You freeze the vault guard.
The vault guard is lightly wounded.
The vault guard closely misses you.
You block the purple very ugly thing's attack.
You hit the vault guard. You freeze the vault guard.
The vault guard is lightly wounded.
The vault guard hits you with a +0 great mace!!!
Unknown command.
You puncture the vault guard! You freeze the vault guard.
The vault guard is moderately wounded.
You block the purple very ugly thing's attack.
You puncture the vault guard! You freeze the vault guard.
The vault guard is heavily wounded.
The vault guard hits you with a +0 great mace!
The purple very ugly thing tentacle-slaps you!
Unknown command.
You barely miss the vault guard.
The vault guard is heavily wounded.
You block the vault guard's attack.
You hit the vault guard. You freeze the vault guard.
The vault guard is heavily wounded.
You block the purple very ugly thing's attack.
Your shield prevents you from hitting the vault guard.
The vault guard is heavily wounded.
The vault guard hits you with a +0 great mace!!
You block the purple very ugly thing's attack.
You are too injured to fight recklessly!
You are too injured to fight recklessly!
You puncture the vault guard! You freeze the vault guard.
The vault guard is severely wounded.
The vault guard hits you with a +0 great mace!!
* * * LOW HITPOINT WARNING * * *
You block the purple very ugly thing's attack.
As you read the scroll of teleportation, it crumbles to dust.
You feel strangely unstable.
The vault guard hits you with a +0 great mace!!!
* * * LOW HITPOINT WARNING * * *
The purple very ugly thing tentacle-slaps you!!
You die...

................................#
................................#
.......................#.######.#
.#######################.#....#.#
.# #.#.##.#.# .# #.#..#.#.# .#
#.##.#.#.# .# #########
#....#.#.# .############§'(@.')#
######.#.# ............#§#p[u###
#......#.# ######......#.'...')#
#.######.# #...####.#≈..###
#.#....#.# #...# #.'...')#
#.#.##.#.# #...# #≈#...###
#.#..#.#.# #...# #§'...')#
#.##.#.#.# #...# #§#...###
#....#.#.# #...####.'...')#
######.#.#


You could see a purple very ugly thing and a vault guard (strong).

Vanquished Creatures
  A tentacled monstrosity (Swamp:4)
  A thorn hunter (Swamp:2)
  Donald (Snake:1)
  A fire giant (Depths:1)
  A fenstrider witch (Swamp:4)
  A frost giant (Depths:1)
  3 vault wardens (Vaults:1)
  A spriggan defender (Depths:1)
  3 ironbound preservers
  2 stone giants
  2 very ugly things
  4 bunyips
  2 green deaths (Swamp:4)
  Snorg (D:13)
  3 eleionomae
  5 ettins
  3 great orbs of eyes
  A shambling mangrove (Swamp:2)
  2 yaktaur captains (Vaults:1)
  Harold (D:7)
  3 ironbound thunderhulks (Vaults:1)
  5 vault guards (D:14)
  A naga warrior (Snake:1)
  4 catoblepae
  A hell beast (Swamp:4)
  An ice dragon (D:15)
  An ironbound frostheart (Vaults:1)
  2 ogre magi (D:15)
  28 hydras
  A boulder beetle (D:14)
  4 anacondas
  14 centaur warriors
  3 tengu warriors
  A dancing weapon (Volcano)
  12 two-headed ogres
  9 alligators
  14 death yaks
  2 deep troll earth magi (D:15)
  3 orc high priests (Orc:2)
  5 deep troll shamans
  A spriggan berserker (Depths:1)
  Urug (Lair:2)
  11 naga sharpshooters
  3 shock serpents
  3 goliath frogs
  2 iron trolls
  2 salamander mystics (Snake:1)
  6 spectral anacondas (Snake:2)
  9 deep trolls
  A spriggan druid (Swamp:3)
  A glowing orange brain (Depths:1)
  An anaconda zombie (Snake:2)
  8 wizards
  7 bog bodies
  3 ironbound convokers
  Pikel (D:6)
  3 naga ritualists
  A deep elf pyromancer (D:12)
  A harpy (shapeshifter) (D:15)
  2 necromancers (Vaults:1)
  7 swamp dragons
  5 anaconda skeletons (Snake:2)
  A harpy (Vaults:1)
  18 ugly things
  11 salamanders
  2 cyclopes
  5 lindwurms (Vaults:1)
  A stone giant zombie (Vaults:1)
  5 will-o-the-wisps
  5 orc knights
  3 manticores
  4 mana vipers
  4 orc sorcerers
  10 elephants
  5 toenail golems (Volcano)
  2 vault sentinels (Vaults:1)
  20 black mambas
  6 naga magi
  5 cane toads
  7 torpor snails
  2 orange demons
  Maggie (D:6)
  Maurice (D:10)
  4 rime drakes
  14 komodo dragons
  2 kobold demonologists
  An efreet (D:15)
  5 anaconda simulacra (Snake:2)
  4 yaktaurs
  An entropy weaver simulacrum (Vaults:1)
  7 trolls
  4 tyrant leeches
  14 hornets
  A polar bear (Lair:6)
  17 blink frogs
  10 dream sheep
  12 slime creatures
  3 shadows
  7 wyverns
  37 yaks
  4 basilisks
  A vampire (D:9)
  3 wraiths
  A fire elemental (Lair:3)
  11 spriggans
  6 humans (D:14)
  A fire bat (Lair:3)
  Menkaure (D:7)
  2 vampire mosquitoes (Swamp:1)
  13 nagas
  An acid dragon (D:10)
  3 large abominations (Swamp:4)
  13 swamp worms
  16 water moccasins
  2 hell hounds (Orc:2)
  26 orc warriors
  A sky beast (D:7)
  2 black bears
  A hornet zombie (D:7)
  3 swamp drakes
  8 centaurs
  7 ogres
  15 wolves
  2 necrophages
  A phantom (D:5)
  5 kobold brigands
  16 bullfrogs
  A scorpion (D:5)
  A wyvern skeleton (D:6)
  2 water moccasin skeletons
  A howler monkey (D:8)
  3 killer bees
  4 wights (D:5)
  An electric eel (Lair:3)
  A centaur zombie (D:8)
  A gnoll shaman (D:3)
  11 orc priests
  2 centaur skeletons
  3 iguanas
  Natasha (thrice) (D:2)
  A scorpion zombie (D:5)
  21 orc wizards
  7 gnolls
  5 adders
  2 white imps
  2 dart slugs
  A worm (D:2)
  79 orcs
  3 bats
  6 endoplasms
  4 giant cockroaches
  9 goblins
  7 hobgoblins
  15 jackals
  21 kobolds
  9 quokkas
  11 ball pythons
  3 frilled lizards
  3 rats
  A briar patch (Swamp:2)
902 creatures vanquished.

Vanquished Creatures (others)
  A two-headed ogre (D:11)
  A goliath frog (Swamp:3)
  4 bloated husks
  A human (D:14)
  An orc priest (Orc:2)
  An orc (Orc:2)
  27 foxfires
  34 fungi
  47 plants
117 creatures vanquished.

Grand Total: 1019 creatures vanquished

Notes
Turn   | Place    | Note
-------+----------+-------------------------------------------
     0 | D:1      | HungrySpirit the Human Arcane Marksman began the quest for
                  | the Orb.
     0 | D:1      | Reached XP level 1. HP: 15/15 MP: 2/2
    60 | D:1      | Found Busmeid's Antique Weapon Boutique.
   145 | D:1      | Reached XP level 2. HP: 21/21 MP: 3/3
   197 | D:1      | Found Moleuzou's Armour Shop.
   345 | D:1      | Reached skill level 1 in Short Blades
   377 | D:1      | Reached XP level 3. HP: 23/27 MP: 4/4
   489 | D:1      | Found a faded altar of an unknown god.
   846 | D:2      | Reached XP level 4. HP: 31/33 MP: 5/5
   993 | D:2      | Noticed Natasha
  1010 | D:2      | Killed Natasha
  1369 | D:2      | You fall into a shaft and drop 1 floor!
  1376 | D:3      | Reached XP level 5. HP: 39/39 MP: 6/6
  1707 | D:2      | Noticed Natasha
  1722 | D:2      | Killed Natasha
  1846 | D:2      | Noticed Natasha
  1855 | D:2      | Killed Natasha
  2837 | D:3      | Reached XP level 6. HP: 31/46 MP: 7/7
  3391 | D:4      | Noticed a necrophage
  3972 | D:4      | Noticed an ogre
  4386 | D:4      | Killed an ogre
  4387 | D:4      | Reached XP level 7. HP: 15/52 MP: 8/8
  4876 | D:4      | You fall into a shaft and drop 3 floors!
  4876 | D:7      | Found Ysuxefis's Armour Shoppe.
  4880 | D:7      | Bought a +0 buckler for 58 gold pieces
  4903 | D:5      | Entered Level 5 of the Dungeon
  5152 | D:5      | Found a large runed translucent door.
  5153 | D:5      | Found a large runed translucent door.
  5162 | D:5      | Noticed Tungsten's ghost (novice MiBe)
  5234 | D:5      | Reached skill level 5 in Short Blades
  5234 | D:5      | Reached skill level 1 in Shields
  5584 | D:4      | Reached XP level 8. HP: 26/60 MP: 9/9
  5966 | D:5      | Identified the +6 trident of Ylueclur {freeze, rC+ Will+++
                  | Str+2 Stlth-}
  6017 | D:5      | Found a shadowy altar of Dithmenos.
  6090 | D:5      | Reached skill level 1 in Polearms
  6412 | D:5      | Reached skill level 2 in Polearms
  6753 | D:5      | Reached skill level 3 in Polearms
  6753 | D:5      | Reached skill level 5 in Dodging
  6871 | D:5      | Found a runed translucent door.
  6872 | D:5      | Noticed Crazy Yiuf
  7153 | D:6      | Reached skill level 5 in Fighting
  7153 | D:6      | Reached XP level 9. HP: 68/68 MP: 10/10
  7189 | D:6      | Reached skill level 4 in Polearms
  7332 | D:6      | Noticed Pikel
  7359 | D:6      | Killed Pikel
  7360 | D:6      | Reached skill level 1 in Armour
  7365 | D:6      | Reached skill level 5 in Polearms
  7532 | D:6      | Noticed Maggie
  7546 | D:6      | Killed Maggie
  7547 | D:6      | Found a staircase to the Ecumenical Temple.
  7752 | Temple   | Entered the Ecumenical Temple
  8214 | D:7      | Found an iron altar of Okawaru.
  8226 | D:7      | Reached XP level 10. HP: 54/76 MP: 11/11
  8355 | D:7      | Became a worshipper of Warmaster Okawaru
  8463 | D:7      | Noticed Menkaure
  8470 | D:7      | Killed Menkaure
  8471 | D:7      | Reached skill level 6 in Polearms
  8517 | D:7      | Found a broken altar of Ashenzari.
  8517 | D:7      | Found a shimmering altar of Xom.
  8611 | D:7      | Noticed Harold
  8626 | D:7      | Killed Harold
  8627 | D:7      | Reached skill level 7 in Polearms
  9298 | D:7      | Reached * piety under Okawaru
  9727 | D:8      | Noticed Prince Ribbit
 10339 | D:9      | Found a transporter.
 10710 | D:9      | Found a radiant altar of Vehumet.
 10743 | D:9      | Noticed a skeletal warrior
 10977 | D:9      | HP: 1/77 [something (10)]
 10984 | D:9      | Reached ** piety under Okawaru
 11365 | D:9      | Reached skill level 8 in Polearms
 11399 | D:9      | Found a transporter.
 11399 | D:9      | Noticed icg837's ghost (novice MiBe)
 11603 | D:10     | Entered Level 10 of the Dungeon
 11709 | D:10     | Found a flagged portal.
 11723 | Bailey   | Entered a bailey
 11916 | Bailey   | Reached XP level 11. HP: 20/84 MP: 9/12
 12809 | Bailey   | Reached skill level 5 in Armour
 13046 | Bailey   | Noticed an orc knight
 13050 | D:10     | Acquired a scarf of repulsion
 13362 | D:9      | Reached *** piety under Okawaru
 13553 | D:10     | Noticed Maurice
 13561 | D:10     | Killed Maurice
 13562 | D:10     | Reached skill level 9 in Polearms
 13567 | D:10     | Identified the +9 hand axe of the Lesser Evil {vorpal,
                  | rPois}
 13746 | D:10     | Found a staircase to the Orcish Mines.
 14197 | D:10     | Received a gift from Okawaru
 14400 | D:10     | Found a staircase to the Lair.
 14431 | Lair:1   | Entered Level 1 of the Lair of Beasts
 14917 | Lair:1   | Reached **** piety under Okawaru
 15122 | Lair:1   | Noticed an eight-headed hydra
 15128 | Lair:1   | Killed an eight-headed hydra
 15129 | Lair:1   | Reached skill level 10 in Polearms
 15346 | Lair:1   | Noticed a four-headed hydra
 15356 | Lair:1   | Killed a four-headed hydra
 15357 | Lair:1   | Reached XP level 12. HP: 84/94 MP: 13/13
 15855 | Lair:2   | Noticed Urug
 15863 | Lair:2   | Killed Urug
 15863 | Lair:2   | Reached ***** piety under Okawaru
 16363 | Lair:2   | Noticed a four-headed hydra
 16373 | Lair:2   | Killed a four-headed hydra
 16374 | Lair:2   | Reached skill level 11 in Polearms
 16502 | Lair:2   | You fall into a shaft and drop 2 floors!
 17270 | Lair:2   | Found a staircase to the Swamp.
 17627 | Lair:2   | Reached skill level 12 in Polearms
 18094 | Lair:3   | Found a staircase to the Snake Pit.
 18103 | Lair:3   | Noticed Sonja
 18105 | Lair:3   | Noticed Sonja
 18105 | Lair:3   | Sonja changed into Sonja the fire bat
 18108 | Lair:3   | Killed Sonja the fire bat
 18186 | Lair:3   | Found a runed translucent gate.
 18187 | Lair:3   | Found a runed translucent gate.
 18189 | Lair:3   | Found a runed translucent gate.
 18189 | Lair:3   | Noticed Yjeari's ghost (journeyman GrMo)
 18241 | Lair:3   | Reached skill level 10 in Dodging
 18264 | Lair:3   | Noticed a death yak
 18265 | Lair:3   | Noticed a death yak
 18270 | Lair:3   | Noticed a death yak
 18273 | Lair:3   | Noticed a death yak
 18316 | Lair:2   | Killed a death yak
 18316 | Lair:2   | Reached ****** piety under Okawaru
 18316 | Lair:2   | Received a gift from Okawaru
 18317 | Lair:2   | Reached XP level 13. HP: 82/103 MP: 12/14
 18579 | Lair:3   | Reached skill level 10 in Fighting
 18707 | Lair:3   | Noticed a five-headed hydra
 18726 | Lair:3   | Killed a five-headed hydra
 19209 | Lair:3   | Found a snail-covered altar of Cheibriados.
 19250 | Lair:3   | Reached skill level 13 in Polearms
 19399 | Lair:3   | Noticed a seven-headed hydra
 19408 | Lair:3   | Killed a seven-headed hydra
 19408 | Lair:3   | Identified the +10 arbalest of the Harvest {penet, rPois}
                  | (Okawaru gifted it to you on level 3 of the Lair of Beasts)
 19408 | Lair:3   | Received a gift from Okawaru
 20995 | Lair:5   | Noticed a seven-headed hydra
 21006 | Lair:5   | Killed a seven-headed hydra
 21502 | Lair:5   | Found a staircase to the Slime Pits.
 21513 | Lair:5   | Noticed an eight-headed hydra
 21530 | Lair:5   | Killed an eight-headed hydra
 21531 | Lair:5   | Reached XP level 14. HP: 104/113 MP: 11/15
 21773 | Lair:6   | Entered Level 6 of the Lair of Beasts
 21776 | Lair:6   | Identified the +1 robe of Activism {rF+} (Okawaru gifted it
                  | to you on level 6 of the Lair of Beasts)
 21776 | Lair:6   | Received a gift from Okawaru
 21892 | Lair:6   | Reached skill level 14 in Polearms
 23536 | Lair:6   | Identified the +8 glaive of Resourcefulness {vorpal, rPois
                  | Str+3} (Okawaru gifted it to you on level 6 of the Lair of
                  | Beasts)
 23536 | Lair:6   | Received a gift from Okawaru
 23809 | Lair:6   | Reached skill level 15 in Polearms
 24863 | Lair:6   | Received a gift from Okawaru
 25038 | Lair:6   | Reached XP level 15. HP: 73/120 MP: 10/16
 25211 | Lair:6   | Identified the +3 long sword "Kulis" {protect, +Blink Fly
                  | rN+}
 25423 | Orc:1    | Entered Level 1 of the Orcish Mines
 25476 | Orc:1    | Found Ostrix's Weapon Boutique.
 25585 | Orc:1    | Found a transporter.
 25590 | Orc:1    | Found a transporter.
 25607 | Orc:1    | Noticed an orc warlord
 25608 | Orc:1    | Found a one-way gate to the infinite horrors of the Abyss.
 25608 | Orc:1    | Noticed Rygut's ghost (journeyman DrFi)
 25833 | Orc:1    | You fall into a shaft and drop 1 floor!
 25833 | Orc:2    | Entered Level 2 of the Orcish Mines
 25915 | Orc:1    | Found a burning altar of Makhleb.
 26159 | Orc:1    | Noticed a fenstrider witch
 26518 | Orc:1    | Noticed a rockslime
 26523 | Orc:1    | Noticed a titan
 26523 | Orc:1    | Noticed a rockslime
 26523 | Orc:1    | a titan changed into a rockslime
 26625 | Orc:2    | Found a dark tunnel.
 26643 | Volcano  | Entered a volcano
 27103 | Orc:2    | Found a staircase to the Elven Halls.
 27998 | Orc:2    | Reached skill level 16 in Polearms
 28318 | Orc:2    | Received a gift from Okawaru
 28519 | Orc:2    | Found Tiricya's Jewellery Shop.
 28519 | Orc:2    | Found Eraweihe's Magic Scroll Emporium.
 28521 | Orc:2    | Found Jocicam's Jewellery Shop.
 28521 | Orc:2    | Found Baxtyum's Distillery.
 28533 | Orc:2    | Bought a scroll of noise for 16 gold pieces
 28533 | Orc:2    | Bought a scroll of identify for 32 gold pieces
 28533 | Orc:2    | Bought a scroll of identify for 32 gold pieces
 28535 | Orc:2    | Bought a scroll of blinking for 120 gold pieces
 28535 | Orc:2    | Bought a scroll of enchant weapon for 120 gold pieces
 28535 | Orc:2    | Bought a scroll of vulnerability for 120 gold pieces
 28537 | Orc:2    | Bought a potion of heal wounds for 90 gold pieces
 28537 | Orc:2    | Bought a potion of haste for 180 gold pieces
 28537 | Orc:2    | Bought a potion of curing for 54 gold pieces
 28537 | Orc:2    | Bought a potion of curing for 54 gold pieces
 28538 | Orc:2    | Bought a ring of protection from cold for 350 gold pieces
 28538 | Orc:2    | Bought a ring of willpower for 350 gold pieces
 28540 | Orc:2    | Bought an amulet of regeneration for 540 gold pieces
 29639 | D:12     | Found Karao's Weapon Shop.
 30121 | D:13     | Found Otanuph's Antique Armour Shop.
 30131 | D:13     | Bought an embroidered scarf for 200 gold pieces
 30177 | D:13     | Found Puraugup's Antique Weapon Shop.
 30177 | D:13     | Noticed Snorg
 30192 | D:13     | Killed Snorg
 30198 | D:13     | Bought a brightly glowing halberd for 279 gold pieces
 30198 | D:13     | Identified the +4 halberd of a treasure trove {vamp, rC+
                  | rN+++ rCorr} (You bought it in a shop on level 13 of the
                  | Dungeon)
 31803 | D:14     | Found a snail-covered altar of Cheibriados.
 31937 | D:14     | Reached XP level 16. HP: 130/130 MP: 17/17
 32266 | D:14     | Found a gate to the Vaults.
 32410 | D:15     | Entered Level 15 of the Dungeon
 32463 | D:15     | Reached skill level 17 in Polearms
 32497 | D:15     | Received a gift from Okawaru
 32797 | D:15     | Reached skill level 5 in Shields
 33052 | D:15     | Found a staircase to the Depths.
 33331 | Snake:1  | Entered Level 1 of the Snake Pit
 33685 | Snake:1  | Noticed Donald
 33713 | Snake:1  | Killed Donald
 33715 | Snake:1  | Received a gift from Okawaru
 34304 | Snake:1  | Identified the +1 quarterstaff of the Rat {protect, rF+++}
 35277 | Lair:3   | Reached XP level 17. HP: 57/138 MP: 18/18
 35387 | Snake:1  | Received a gift from Okawaru
 35874 | Snake:2  | Reached skill level 18 in Polearms
 36496 | Snake:2  | Received a gift from Okawaru
 37098 | Snake:2  | Reached skill level 1 in Evocations
 37341 | Snake:2  | Received a gift from Okawaru
 37721 | D:13     | Bought a diamond-studded chain mail for 237 gold pieces
 37721 | D:13     | Identified the +0 chain mail of the Game of Kings {rPois
                  | Regen+ Str+3 Int-2} (You bought it in a shop on level 13 of
                  | the Dungeon)
 38129 | Depths:1 | Entered Level 1 of the Depths
 38736 | Depths:1 | Found Imajeula's Antique Armour Emporium.
 38740 | Depths:1 | Found Guskigyte's General Store.
 38741 | Depths:1 | Found Teuntaj's Antique Armour Emporium.
 39544 | Depths:1 | Found a gateway to Hell.
 39625 | Depths:1 | Reached XP level 18. HP: 119/147 MP: 16/19
 39656 | Depths:1 | Noticed a titan
 39890 | D:15     | Identified the +1 hat of Okawaru's Vengeance {+Blink Will-
                  | Dex+5 SInv} (Okawaru gifted it to you on level 15 of the
                  | Dungeon)
 39890 | D:15     | Received a gift from Okawaru
 40496 | Swamp:1  | Entered Level 1 of the Swamp
 41188 | Swamp:1  | Noticed Roxanne
 41413 | Swamp:2  | Reached skill level 19 in Polearms
 42552 | Swamp:2  | Identified the +0 pair of gloves of the Slorg {Str+2 Dex+4}
                  | (Okawaru gifted it to you on level 2 of the Swamp)
 42552 | Swamp:2  | Received a gift from Okawaru
 42553 | Swamp:2  | Reached skill level 5 in Evocations
 42931 | Swamp:3  | Reached skill level 15 in Dodging
 43015 | Swamp:3  | Identified the +8 mace of Dusitz Qoah {vorpal, rPois Will+
                  | Str+6 Int-3}
 43342 | Swamp:4  | Entered Level 4 of the Swamp
 43703 | Swamp:4  | Identified the +5 scale mail "Zaonwir" {*Slow Int+4}
 43854 | Swamp:4  | Reached XP level 19. HP: 148/154 MP: 20/20
 43910 | Swamp:4  | Noticed a tentacled monstrosity
 43937 | Swamp:4  | Killed a tentacled monstrosity
 44054 | Swamp:3  | Reached skill level 15 in Fighting
 44342 | Swamp:4  | Identified the ring of Ceahuir {rElec rN++ rCorr MP+9
                  | Dex-2}
 45400 | Swamp:4  | Received a gift from Okawaru
 45411 | Swamp:4  | Got a decaying rune of Zot
 45907 | Vaults:1 | Entered Level 1 of the Vaults
 46684 | D:14     | Reached skill level 20 in Polearms
 46958 | Vaults:1 | Received a gift from Okawaru
 47046 | Vaults:1 | Reached skill level 10 in Shields
 47548 | Vaults:1 | Reached XP level 20. HP: 163/163 MP: 21/21
 47736 | D:14     | HP: 7/163 [vault guard[a vault warden] (36)]
 47736 | D:14     | Mangled by a purple very ugly thing

Illustrated notes

Levels and vault maps discovered:
D:1:      minmay_arrival_doors, layout_basic, serial_shops, shop_fountains,
          shop, shapermc_ecumenical_altar_ellora, chequers_serial_rivers_room_b,
          serial_park_tiny_1
D:2:      layout_loops_corners, minmay_pentomino_u4, uniq_natasha
D:3:      layout_loops_ring, chequers_arboretum, kennysheep_generic_room_3
D:4:      layout_basic, minmay_misc_feat_ornament, st_stairs_14,
          minmay_misc_feat_columns
D:5:      layout_loops_ring, nicolae_dithmenos_shadow_blocks,
          ebering_ghost_disaster_area, palyth_stone_intersect,
          grunt_ministairs_9, uniq_crazy_yiuf_cottage
D:6:      layout_rooms, minmay_temple_entry_gardened_gates, uniq_pikel,
          uniq_maggie
D:7:      layout_loops_cross, mainiacjoe_overflow_catwalk,
          gammafunk_temple_overflow_pools, serial_shops, shop,
          lightli_corner_chamber, uniq_harold, uniq_menkaure
D:8:      layout_basic, uniq_prince_ribbit1, uniq_joseph
D:9:      layout_irregular_city, mainiacjoe_overflow_six_doors_small,
          gammafunk_ghost_mausoleum
D:10:     layout_small_grid, erik_lair_dragon, orc_0_dummy, enter_bailey_1,
          uniq_maurice
D:11:     layout_basic, lemuel_flame_loot_1
D:12:     layout_roguey, serial_shops, shop, minmay_misc_feat_room, drop_trap
D:13:     layout_grid_maze, serial_shops, shop, nicolae_shop_trees, uniq_snorg
D:14:     layout_long_grid, ximxim_vaults_locker_room, cheibriados_altar_1,
          patterned_corridor
D:15:     grunt_enter_depths_giant_problem, layout_rooms, minmay_microvault
Temple:   minmay_crystal_spiral_temple
Lair:1:   layout_long_grid
Lair:2:   layout_layer_cave, swamp_mist, minivault_19, minmay_stone_trees_small,
          st_stairs_5, uniq_urug
Lair:3:   layout_gridlike, dummy_snake_entry, gammafunk_ghost_split,
          kennysheep_snail_temple, uniq_sonja
Lair:4:   layout_cave_pods, grunt_megastairs_3
Lair:5:   layout_misc_corridors, slime_dummy, serial_bayou_crossing,
          minmay_lair_oklob_chamber, serial_bayou_shore_b, lemuel_fruit_tree
Lair:6:   evilmike_catoblepas_cave, layout_gridlike
Swamp:1:  layout_falls_marsh, nicolae_swamp_trees_clearing, uniq_roxanne
Swamp:2:  layout_basic_swamp, infiniplex_staircase_pool_2
Swamp:3:  layout_falls_marsh, infiniplex_staircase_pool
Swamp:4:  swamp_vile, layout_basic_swamp, swamp_pool3
Snake:1:  layout_grid_maze, uniq_donald
Snake:2:  layout_onion, nicolae_snake_dead_anacondas
Orc:1:    minmay_goldmine, layout_caves, serial_shops, shop,
          gammafunk_ghost_abyssal_escape, statue_in_the_mist_lemuel,
          bloody_makhleb
Orc:2:    grunt_orc_tribal_feast, layout_diamond_mine, enter_volcano_3
Vaults:1: v_misc_30, vaults_mumra_hex, hangedman_vaults_maws,
          hangedman_vaults_locks, v_misc_31, v_rooms_1,
          vaults_dpeg_encased_lava, vaults_room_fancy_cross, st_lines,
          vaults_room_large_hall, v_misc_8, ontoclasm_vaults_gateway,
          layout_vaults_big_room
Depths:1: nicolae_legendary_halls, layout_honeycomb, hell_entry,
          serial_bayou_pond_e, chequers_jeans, minmay_evil_grid,
          minmay_shop_star, uniq_mara, uniq_bai_suzhen, uniq_enchantress

Skill      XL: |  1  2  3  4  5  6  7  8  9 10 11 12 13 14 15 16 17 18 19 |
---------------+----------------------------------------------------------+-----
Short Blades   | 1 2 3 4 5 |  5.4
Fighting       | 2 3 4 5 7 8 9 11 12 13 14 15 | 15.5
Dodging        | 3 4 5 6 7 8 10 11 12 13 14 15 | 15.0
Shields        | 1 3 4 6 7 9 10 | 10.2
Polearms       | 3 5 8 10 12 13 15 16 17 18 19 20 | 20.2
Armour         | 2 4 6 9 |  9.3
Evocations     | 3 5 6 |  6.0
Crossbows      | |  2.0
Spellcasting   | |  1.0
Hexes          | |  3.0

Action                   |  1- 3 |  4- 6 |  7- 9 | 10-12 | 13-15 | 16-18 | 19-21 || total
-------------------------+-------+-------+-------+-------+-------+-------+-------++-------
Melee: Short sword       |    71 |   356 |   146 |       |       |       |       ||   573
       Trident           |       |       |   170 |   783 |  1351 |  1949 |   776 ||  5029
       Halberd           |       |       |       |       |    83 |       |       ||    83
       Glaive            |       |       |       |       |     9 |       |       ||     9
 Fire: Hand crossbow     |    50 |     1 |       |       |       |       |       ||    51
Throw: Dart              |       |     7 |    10 |       |       |       |       ||    17
Invok: Heroism           |       |       |       |    10 |    18 |    36 |    15 ||    79
       Finesse           |       |       |       |       |     2 |     5 |     1 ||     8
Evoke: Wand              |       |       |     4 |    17 |    11 |     1 |       ||    33
       Condenser vane    |       |       |       |       |       |     1 |       ||     1
  Use: Potion            |       |     3 |       |     3 |     1 |     7 |       ||    14
       Scroll            |       |       |       |    17 |     8 |     7 |     4 ||    36
 Stab: Distracted        |       |       |       |     1 |     1 |     1 |     1 ||     4
       Betrayed ally     |       |       |       |     1 |       |       |       ||     1
       Invisible         |       |       |       |       |     2 |       |       ||     2
Armor: Robe              |    28 |     7 |       |       |       |       |       ||    35
       Scale mail        |       |   114 |    73 |       |       |       |       ||   187
       Swamp dragon scal |       |       |    16 |   194 |   228 |   278 |   123 ||   839
Dodge: Dodged            |    41 |   136 |   106 |   371 |   649 |  1041 |   526 ||  2870
       Repelled          |       |       |       |     3 |     4 |    36 |     7 ||    50
Block: Buckler           |       |       |    33 |   135 |   172 |     8 |       ||   348
       Kite shield       |       |       |       |       |       |   755 |   407 ||  1162
       Reflection        |       |       |       |       |       |    35 |    12 ||    47
